 Dungeon Crawl Stone Soup version 0.31-a0-188-g5e087ee2ca (webtiles) character file.

Game seed: 7556940511711186266

1906 lessens the Basher (level 9, -15/84 HPs)
             Began as an Ogre Fighter on June 24, 2023.
             Was a Follower of Okawaru.
             Killed from afar by Maggie (26 damage)
             ... with a bolt of fire
             ... on level 7 of the Dungeon.
             The game lasted 00:09:02 (8126 turns).

lessens the Basher (Ogre Fighter)                   Turns: 8126, Time: 00:09:02

Health: -15/84     AC:  3    Str: 26    XL:     9   Next: 16%
Magic:  9/10       EV: 10    Int:  9    God:    Okawaru [*.....]
Gold:   325        SH:  9    Dex:  8    Spells: 8/8 levels left

rFire   . . .        B - +3 flail
rCold   . . .        c - +0 kite shield
rNeg    . . .        b - +0 robe
rPois   .            (helmet restricted)
rElec   .            (no cloak)
rCorr   .            (gloves unavailable)
SInv    .            (boots unavailable)
Will    .....        (no amulet)
Stlth   ++           (no ring)
HPRegen 0.34/turn    (no ring)
MPRegen 0.12/turn

%: no passive effects
@: heroic, mesmerised
A: large, unfitting armour, tough skin 1
a: Renounce Religion, Heroism


You were on level 7 of the Dungeon.
You worshipped Okawaru.
Okawaru was aware of your devotion.
You visited 2 branches of the dungeon, and saw 8 of its levels.
You also visited: Sewer.

You collected 325 gold pieces.

Inventory:

Hand Weapons
 a - a +0 flail
 m - a +1 hand axe of electrocution
 B - a +3 flail (weapon)
Missiles
 e - 3 javelins
 g - 75 stones
 v - 5 boomerangs
 y - 18 poisoned darts
 A - a curare-tipped dart
Armour
 b - a +0 robe (worn)
 c - a +0 kite shield (worn)
Jewellery
 n - a ring of ice
Wands
 d - a wand of quicksilver (6) (quivered)
 u - a wand of polymorph (3)
Scrolls
 f - 3 scrolls of fog {unknown}
 h - 2 scrolls of blinking {unknown}
 i - 2 scrolls of fear {unknown}
 j - 4 scrolls of identify
 l - 3 scrolls of immolation
 o - 6 scrolls of teleportation
 p - a scroll of summoning {unknown}
 s - a scroll of brand weapon {unknown}
 t - 2 scrolls of torment {unknown}
 x - a scroll of noise {unknown}
 I - a scroll of amnesia {unknown}
 J - a scroll of revelation {unknown}
 K - 2 scrolls of enchant armour {unknown}
Potions
 k - a potion of brilliance {unknown}
 q - 3 potions of curing
 r - 2 potions of attraction {unknown}
 w - a potion of ambrosia {unknown}
 z - 4 potions of cancellation
 C - 2 potions of invisibility {unknown}
 D - a potion of lignification {unknown}
 E - 2 potions of might
 F - 2 potions of enlightenment
 G - a potion of berserk rage {unknown}
 H - 2 potions of mutation
 L - a potion of haste {unknown}
 M - a potion of degeneration {unknown}


   Skills:
 - Level 4.0(9.0) Fighting
 * Level 10.5(15.5) Maces & Flails
 - Level 2.6(7.6) Dodging
 - Level 3.0(8.0) Shields
 + Level 2.5 Invocations


You had 8 spell levels left.
You didn't know any spells.
Your spell library contained the following spells:

 Spells                   Type           Power      Damage    Failure   Level
 Apportation              Tloc           0%         N/A       58%         1
 Magic Dart               Conj           0%         1d3       58%         1
 Necrotise                Necr           0%         1d4       58%         1
 Mephitic Cloud           Conj/Pois/Air  0%         N/A       91%         3
 Passage of Golubria      Tloc           0%         N/A       100%        4
 Silence                  Hex/Air        0%         N/A       100%        5
 Lehudib's Crystal Spear  Conj/Erth      0%         10d2      100%        8
 Summon Small Mammal      Summ           Unusable   N/A       N/A         1
 Call Imp                 Summ           Unusable   N/A       N/A         2

Dungeon Overview and Level Annotations

Branches:
Dungeon (7/15) Zot: 26777  Temple (1/1) D:6 Zot: 5980   Sewer (visited)

Altars:
Elyvilon
Fedhas
Kikubaaqudgha
Okawaru
Trog
Vehumet
The Shining One

Annotations:
D:7 Maggie


Innate Abilities, Weirdness & Mutations

You are too large for most types of armour.
You have tough skin. (AC +1)


Message History

Maggie hits you with a +2 heavy war axe!!
You closely miss Maggie.
Maggie is lightly wounded.
You hit Maggie but do no damage.
Maggie is lightly wounded.
Maggie hits you with a +2 heavy war axe!!
You sock Maggie!
Maggie is moderately wounded.
You hit Maggie but do no damage.
Maggie is moderately wounded.
Maggie mumbles some strange words.
Maggie attempts to bespell you!
You are mesmerised by Maggie!
You sock Maggie!
Maggie is heavily wounded.
Maggie says, "Fear not.
I will immortalize you in the tale of my first kill."
Maggie hits you with a +2 heavy war axe!!
* * * LOW HITPOINT WARNING * * *
Okay, then.
You sock Maggie!
Maggie is severely wounded.
You hit Maggie.
Maggie is severely wounded.
Maggie casts a spell.
Maggie draws you further into her thrall.
You sock Maggie!
Maggie is almost dead.
Maggie casts a spell at you. The bolt of fire misses you.
You hit Maggie but do no damage.
Maggie is almost dead.
Maggie mumbles some strange words.
Maggie draws you further into her thrall.
You hit Maggie but do no damage.
Maggie is almost dead.
You hit Maggie but do no damage.
Maggie is almost dead.
Maggie casts a spell at you. The bolt of fire hits you!!
You die...

#. ## ## ###.#.# ..
......@####### .#
#...@.....# .#
#.#.#####.###.##.###
#.................
#.#####........≈≈≈.#
#. ####.....≈≈≈≈#≈.#
##. #.....≈≈≈≈#≈≈≈≈..
#..##.###.≈#≈≈≈≈#≈≈≈.
#..#...##.≈≈≈#≈≈≈≈#≈.#
#..........≈≈≈≈#≈≈≈≈..


You could see Maggie (mesmerising).

Vanquished Creatures
  Grinder (Sewer)
  A water moccasin (D:7)
  An orc warrior (D:6)
  2 black bears (D:6)
  A centaur (D:6)
  A phantom (D:6)
  A kobold brigand (Sewer)
  4 scorpions
  2 electric eels (D:7)
  2 hounds
  2 quasits (Sewer)
  A jelly (D:6)
  2 orc priests (D:2)
  A sleepcap (D:7)
  6 iguanas
  Ijyb (D:3)
  Terence (D:2)
  3 orc wizards
  A statue (D:4)
  Robin (D:4)
  11 gnolls
  6 adders
  A shadow imp (Sewer)
  A white imp (D:7)
  An ufetubus (Sewer)
  2 worms (D:2)
  5 orcs
  4 bats
  2 endoplasms
  6 giant cockroaches
  13 goblins
  6 hobgoblins
  6 jackals
  23 kobolds
  8 quokkas
  9 ball pythons
  4 frilled lizards
  3 kobold zombies (Sewer)
  2 rats
148 creatures vanquished.

Notes
Turn   | Place    | Note
-------+----------+-------------------------------------------
     0 | D:1      | lessens the Ogre Fighter began the quest for the Orb.
     0 | D:1      | Reached XP level 1. HP: 24/24 MP: 1/1
    15 | D:1      | Noticed a minotaur zombie
    19 | D:1      | Noticed a merfolk zombie
    42 | D:1      | Reached skill level 2 in Maces & Flails
   127 | D:1      | Reached XP level 2. HP: 32/32 MP: 2/2
   808 | D:2      | Noticed Terence
   823 | D:1      | Reached skill level 3 in Maces & Flails
   834 | D:2      | Killed Terence
   835 | D:2      | Reached XP level 3. HP: 29/39 MP: 3/3
   908 | D:2      | Reached skill level 4 in Maces & Flails
   908 | D:2      | Reached XP level 4. HP: 45/48 MP: 4/4
   916 | D:2      | Reached XP level 5. HP: 42/54 MP: 5/5
  1193 | D:2      | Reached skill level 5 in Maces & Flails
  1615 | D:3      | Noticed Ijyb
  1830 | D:3      | Killed Ijyb
  1989 | D:3      | Reached XP level 6. HP: 62/62 MP: 6/6
  2457 | D:4      | Noticed Robin
  2470 | D:4      | Killed Robin
  2539 | D:4      | Found a glowing drain.
  2560 | Sewer    | Entered a sewer
  2681 | Sewer    | Reached skill level 6 in Maces & Flails
  2726 | Sewer    | Noticed Grinder
  2952 | Sewer    | Killed Grinder
  2953 | Sewer    | Reached XP level 7. HP: 59/70 MP: 7/7
  3139 | Sewer    | Found a burning altar of Makhleb.
  3164 | Sewer    | Reached skill level 7 in Maces & Flails
  3823 | D:4      | Found a radiant altar of Vehumet.
  4418 | D:4      | HP: 3/70 [gnoll/+2 halberd of freezing (11)]
  4418 | D:4      | HP: 1/70 [gnoll/+2 halberd of freezing (2)]
  4915 | D:5      | Entered Level 5 of the Dungeon
  4919 | D:5      | Reached skill level 8 in Maces & Flails
  5233 | D:5      | Reached XP level 8. HP: 67/78 MP: 8/8
  5877 | D:6      | Found a staircase to the Ecumenical Temple.
  5889 | Temple   | Entered the Ecumenical Temple
  5900 | Temple   | Became a worshipper of Warmaster Okawaru
  6191 | D:6      | Reached skill level 9 in Maces & Flails
  7408 | D:6      | Reached * piety under Okawaru
  7409 | D:6      | Reached skill level 10 in Maces & Flails
  7633 | D:6      | Reached skill level 1 in Invocations
  7639 | D:6      | Reached XP level 9. HP: 15/84 MP: 8/10
  8111 | D:7      | Noticed Maggie
  8126 | D:7      | Killed from afar by Maggie

Illustrated notes

Levels and vault maps discovered:
D:1:      shiori_arrival_whats_in_store_for_you, layout_basic,
          nicolae_eternal_life, minivault_19
D:2:      layout_rooms, grunt_ministairs_15, uniq_terence
D:3:      layout_basic, kennysheep_cross_room, uniq_ijyb
D:4:      nicolae_BIG_FREAKIN_CUBE, layout_basic, vehumet_statue,
          portal_sewer_entry_f, uniq_robin
D:5:      layout_cave_pods
D:6:      layout_basic, minmay_temple_entry_steel_oval, uniq_grinder
D:7:      layout_loops_ring, serial_shops, nicolae_book_shop_shelving,
          nicolae_lava_and_water, uniq_maggie
Temple:   regret_index_temple_sigil_plot

Skill      XL: |  1  2  3  4  5  6  7  8  9 |
---------------+----------------------------+-----
Maces & Flails | 2 3 4 5 6 8 10 | 10.5
Invocations    | 1 2 |  2.5
Fighting       | |  4.0
Dodging        | |  2.6
Shields        | |  3.0

Action                     |  1- 3 |  4- 6 |  7- 9 || total
---------------------------+-------+-------+-------++-------
  Melee: Flail             |    44 |       |    55 ||    99
         Hand axe          |     2 |   193 |   160 ||   355
         Unarmed           |       |    15 |       ||    15
 Invoke: Heroism           |       |       |     1 ||     1
  Evoke: Wand              |       |     2 |     4 ||     6
    Use: Potion            |     2 |       |     1 ||     3
         Scroll            |       |     2 |     3 ||     5
   Stab: Sleeping          |       |       |     1 ||     1
 Armour: Robe              |    13 |    54 |    34 ||   101
         Skin              |       |     6 |       ||     6
  Dodge: Dodged            |    23 |    80 |    75 ||   178
  Block: Kite shield       |    26 |    99 |    76 ||   201

Table legend: (Time is in decaauts)
 A = Elapsed time spent in this place.
 B = Non-inter-level travel time spent in this place.
 C = Inter-level travel time spent in this place.
 D = Time resting spent in this place.
 E = Time spent auto-exploring this place.
 F = Levels seen in this place.
 G = Mean time per level.
                   A        B        C        D        E       F      G
               +--------+--------+--------+--------+--------+-----+--------+
         Total |   8209 |   8087 |    122 |    185 |   6691 |   9 |  912.1 |
       Dungeon |   7260 |   7146 |    114 |    153 |   6025 |   7 | 1037.1 |
        Temple |     19 |     11 |      8 |      0 |      4 |   1 |   19.0 |
         Sewer |    929 |    929 |      0 |     32 |    662 |   1 |  929.0 |
               +--------+--------+--------+--------+--------+-----+--------+

Top non-repeatable levels by time:
     D:6: 2123 daAuts
     D:4: 1562 daAuts
     D:2: 977 daAuts
   Sewer: 929 daAuts
     D:5: 856 daAuts
     D:1: 808 daAuts
     D:3: 710 daAuts
     D:7: 221 daAuts
  Temple: 19 daAuts

Levels and vault maps discovered:
D:1:      shiori_arrival_whats_in_store_for_you, layout_basic,
          nicolae_eternal_life, minivault_19
D:2:      layout_rooms, grunt_ministairs_15, uniq_terence
D:3:      layout_basic, kennysheep_cross_room, uniq_ijyb
D:4:      nicolae_BIG_FREAKIN_CUBE, layout_basic, vehumet_statue,
          portal_sewer_entry_f, uniq_robin
D:5:      layout_cave_pods
D:6:      layout_basic, minmay_temple_entry_steel_oval, uniq_grinder
D:7:      layout_loops_ring, serial_shops, nicolae_book_shop_shelving,
          nicolae_lava_and_water, uniq_maggie
Temple:   regret_index_temple_sigil_plot
